 Dungeon Crawl Stone Soup version 0.20-a0-993-gba41c3c (webtiles) character file.

57 Monsterracer the Changer (level 4, 0/38 HPs)
             Began as a Naga Transmuter on Apr 11, 2017.
             Succumbed to an adder's poison
             ... on level 2 of the Dungeon.
             The game lasted 00:05:23 (1753 turns).

Monsterracer the Changer (Naga Transmuter)          Turns: 1753, Time: 00:05:23

Health: 0/38       AC:  2    Str: 12    XL:     4   Next: 0%
Magic:  7/7        EV: 10    Int: 20    God:
Gold:   82         SH:  0    Dex: 11    Spells: 3/7 levels left

rFire    . . .     SeeInvis +     - Unarmed
rCold    . . .     Gourm    .   (no shield)
rNeg     . . .     Faith    .   b - +0 robe
rPois    +         Spirit   .   (no helmet)
rElec    .         Reflect  .   (no cloak)
rCorr    .         Harm     .   (no gloves)
MR       .....                  (no barding)
Stlth    +.........             (no amulet)
Regen    0.2/turn               (no ring)
MPRegen  0.1/turn               (no ring)

@: brilliant, lethally poisoned (0 -> -3), very slow
A: see invisible, deformed body, poison resistance, slowness 2, slow metabolism
1, spit poison 1, AC +1
a: Spit Poison


You were on level 2 of the Dungeon.
You were not hungry.

You visited 1 branch of the dungeon, and saw 2 of its levels.

You collected 82 gold pieces.

Inventory:

Missiles
 a - 12 arrows
Armour
 b - a +0 robe (worn)
Jewellery
 g - an uncursed ring of fire {unknown}
Scrolls
 f - a scroll of fear {unknown}
 h - a scroll of fog {unknown}
 k - a scroll of remove curse {unknown}
Books
 c - a book of Changes

   Spells                             Type                      Level
   a - Beastly Appendage              Transmutation                1
   b - Sticks to Snakes               Transmutation                2
   c - Spider Form                    Transmutation/Poison         3
   d - Ice Form                       Ice/Transmutation            4
   e - Blade Hands                    Transmutation                5
Comestibles
 d - 3 bread rations
 j - 3 fruits
 l - a royal jelly
 m - a meat ration


   Skills:
 - Level 1.0 Fighting
 - Level 1.5 Dodging
 + Level 3.6 Unarmed Combat
 - Level 2.0 Spellcasting
 * Level 3.6 Transmutations


You had 3 spell levels left.
You knew the following spells:

 Your Spells              Type           Power        Failure   Level  Hunger
a - Beastly Appendage     Tmut           ####..       1%          1    #......
b - Spider Form           Tmut/Pois      ###.......   3%          3    ###....


Dungeon Overview and Level Annotations

Branches:
Dungeon (2/15)

Altars:


Innate Abilities, Weirdness & Mutations

You cannot wear boots.
Your serpentine skin is tough. (AC +1)
You have supernaturally acute eyesight. (SInv)
Armour fits poorly on your strangely shaped body.
Your system is resistant to poisons. (rPois)
You cover ground very slowly.
You have a slow metabolism.
You can spit poison.


Message History

It was a potion of brilliance.
You feel clever all of a sudden. The adder bites you.
* * * LOW HITPOINT WARNING * * *
You miss the adder. Your headbutt misses the adder.
The adder is almost dead.
You feel sick. The adder bites you.
* * * LOW HITPOINT WARNING * * *
The adder closely misses you.
You closely miss the adder.
The adder is almost dead.
The adder misses you.
You barely miss the adder. Your headbutt misses the adder.
The adder is almost dead.
Your horns disappear.
The adder barely misses you.
You barely miss the adder.
The adder is almost dead.
You have got your breath back.
You die...

#.. ######### ..... ###
#.....)<# ......
##.#####.#######
......####........#
..........>......#
.....#...........#######
#...............#.g..
####..@....†...##.#r###
#.....S...#######.#b# #
#.##..........# #.#.# #
#.......?..# #...# #
#..........# ##### #
.##.........# #
............$[# #
.#.##.........# # ..
#...#.##### #


You could see an adder.

Vanquished Creatures
  An adder (D:2)
  2 worms (D:2)
  3 dart slugs
  A leopard gecko (D:2)
  2 giant cockroaches
  4 hobgoblins (D:1)
  2 jackals (D:1)
  6 kobolds
  3 bats (D:1)
  6 frilled lizards
  3 goblins
  3 rats
36 creatures vanquished.

Notes
Turn   | Place    | Note
-------+----------+-------------------------------------------
     0 | D:1      | Monsterracer the Naga Transmuter began the quest for the Orb.
     0 | D:1      | Reached XP level 1. HP: 18/18 MP: 3/3
   508 | D:1      | Reached XP level 2. HP: 25/25 MP: 3/5
   856 | D:1      | Reached XP level 3. HP: 31/31 MP: 4/6
   861 | D:1      | Learned a level 3 spell: Spider Form
  1668 | D:2      | Reached XP level 4. HP: 25/38 MP: 0/7
  1750 | D:2      | HP: 1/38 [adder (5)]
  1753 | D:2      | Succumbed to an adder's poison

Vault maps used:
D:1:      dpeg_arrival_windows_large_door, kennysheep_crisscross,
          minmay_tromino_i2
D:2:      serial_glass, glass_columns_c, glass_columns_c, trog_book

Skill      XL: |  1  2 |
---------------+-------+-----
Transmutations | 3 |  3.6
Fighting       | |  1.0
Dodging        | |  1.5
Unarmed Combat | |  3.6
Spellcasting   | |  2.0

Action                   |  1- 3 |  4- 6 || total
-------------------------+-------+-------++-------
Melee: Unarmed           |    95 |    15 ||   110
       Headbutt          |    16 |     1 ||    17
       Punch             |     1 |       ||     1
 Cast: Beastly Appendage |    18 |     1 ||    19
       Spider Form       |     3 |       ||     3
 Abil: Spit Poison       |     1 |     2 ||     3
       End Transformatio |     1 |       ||     1
  Use: Potion            |     4 |     2 ||     6
  Eat: Chunk             |     2 |     1 ||     3
Armor: Robe              |    14 |     2 ||    16
       Skin              |     1 |       ||     1
Dodge: Dodged            |    79 |    10 ||    89
